[Event "*** SCC Grand Prix: Titled Tuesday Blitz"]
[Site "Chess.com"]
[Date "2020.10.06"]
[Round "5"]
[White "googlegoom"]
[Black "jacky72"]
[Result "0-1"]
[WhiteElo "2415"]
[BlackElo "2578"]
[TimeControl "180+1"]
[EndTime "10:55:23 PDT"]
[Termination "jacky72 won by resignation"]

1. Nf3 Nf6 2. b3 g6 3. Bb2 Bg7 4. e3 O-O 5. d4 b6 6. Be2 Bb7 7. O-O d6 8. Nbd2 Nbd7 9. c4 e5 10. dxe5 Ng4 11. Qc2 Ngxe5 12. Nxe5 Nxe5 13. f4 Nd7 14. Bxg7 Kxg7 15. Bf3 Bxf3 16. Rxf3 a5 17. e4 Qf6 18.
Re1 Qd4+ 19. Kh1 Rae8 20. Rd3 Qf2 21. Rf1 Qe2 22. Qc3+ Kg8 23. Re3 Qh5 24. Qd3 Nc5 25. Qe2 Qxe2 26. Rxe2 Re7 27. Rfe1 Rfe8 28. Kg1 f5 29. e5 dxe5 30. Rxe5 Rxe5 31. Rxe5 Rxe5 32. fxe5 Kf7 33. Nf3 h6 34. Nd4 Nd3 35. Nb5 c6 36. Nd6+ Ke6 37. Nc8 b5 38. cxb5 cxb5 39. Na7 Nc1 40. a4 Nxb3 41. axb5 a4 42. b6 Nc5 0-1

[Event "*** SCC Grand Prix: Titled Tuesday Blitz"]
[Site "Chess.com"]
[Date "2020.10.06"]
[Round "5"]
[White "BJthechessgod"]
[Black "bratkoo"]
[Result "0-1"]
[WhiteElo "2295"]
[BlackElo "2552"]
[TimeControl "180+1"]
[EndTime "10:55:26 PDT"]
[Termination "bratkoo won by checkmate"]

1. e4 a6 2. d4 b5 3. Nf3 Bb7 4.
Nbd2 g6 5. c3 Bg7 6. Bd3 d6 7. O-O Nd7 8. Re1 c5 9. e5 dxe5 10. dxe5 Nxe5 11. Nxe5 Bxe5 12. Bxb5+ axb5 13. Rxe5 Nf6 14. Qe2 O-O 15. Qxb5 Ba6 16. Qb3 Qd3 17. Re3 Qd6 18. h3 Nd5 19. Re1 Rfb8 20. Qd1 Nf4 21.
Ne4 Qc7 22. Bxf4 Qxf4 23. Nxc5 Rd8 24. Qg4 Qf6 25. Nxa6 Rxa6 26. a4 Rd2 27. Re2 Rad6 28. a5 h5 29. Qc4 Rd1+ 30. Rxd1 Rxd1+ 31. Kh2 Qd6+ 32. g3 Ra1 33. b4 Qd1 34. g4 Qg1# 0-1

[Event "*** SCC Grand Prix: Titled Tuesday Blitz"]
[Site "Chess.com"]
[Date "2020.10.06"]
[Round "5"]
[White "Meri-Arabidze"]
[Black "gui_borba"]
[Result "1-0"]
[WhiteElo "2713"]
[BlackElo "2496"]
[TimeControl "180+1"]
[EndTime "10:55:28 PDT"]
[Termination "Meri-Arabidze won by resignation"]

1. d4 Nf6 2. c4 e6 3. Nf3 d5 4.
Nc3 a6 5. cxd5 exd5 6. Bg5 Be6 7.
e3 Nbd7 8. Bd3 h6 9. Bh4 Bd6 10. O-O c6 11. Rb1 a5 12. a3 O-O 13. b4 axb4 14.
axb4 Ra3 15. Qc2 Qc7 16. Rfc1 Rc8 17. Qb2 Raa8 18. Nb5 Qb8 19. Nxd6 Qxd6 20. Bg3 Qe7 21. b5 c5 22. dxc5 Nxc5 23. Bf1 Bf5 24. Ra1 Rxa1 25. Rxa1 Nfe4 26. Be5 Bg4 27. Bxg7 Bxf3 28. Bxh6 f6 29. gxf3 Kh7 30. Bf4 Rg8+ 31. Bg3 Nxg3 32. hxg3 Qe6 33.
Qc2+ Kg7 34. Qxc5 1-0

[Event "*** SCC Grand Prix: Titled Tuesday Blitz"]
[Site "Chess.com"]
[Date "2020.10.06"]
[Round "5"]
[White "Keithonsky"]
[Black "Infernal_XaM"]
[Result "1-0"]
[WhiteElo "2607"]
[BlackElo "2869"]
[TimeControl "180+1"]
[EndTime "10:55:34 PDT"]
[Termination "Keithonsky won by resignation"]

1. d4 Nf6 2. c4 e6 3. Nf3 b6 4. g3 Bb7 5. Bg2 Bb4+ 6. Bd2 c5 7. Bxb4 cxb4 8. a3 Qe7 9. O-O O-O 10. d5 bxa3 11. Nxa3 exd5 12. Nd4 Nc6 13. cxd5 Nxd4 14. Qxd4 Qxe2 15. Nc4 Qh5 16. Rfd1 Ne8 17. Ne5 Nf6 18. Nc4 Ne8 19. Ne5 Qf5 20. g4 Qg5 21. Nxd7 Nf6 22. Nxf8 Kxf8 23. h3 h5 24. f4 Qh4 25. g5 Nd7 26. Qf2 Qxf2+ 27. Kxf2 a5 28. Rac1 Nc5 29. d6 Bxg2 30. Kxg2 Rd8 31. Rd5 g6 32.
Re1 Ne6 33. Kf3 Rc8 34. d7 Rd8 35. Ke4 Ke7 36. Ke5 Rxd7 37. Rxd7+ Kxd7 38. Kf6 Nxf4 39. Kxf7 h4 40. Rf1 Nxh3 41. Kxg6 Ke6 42. Re1+ Kd7 43.
Rh1 Nf4+ 44. Kf7 h3 45. g6 Nxg6 46. Kxg6 Kd6 47. Rxh3 Ke5 48. Rb3 1-0

[Event "*** SCC Grand Prix: Titled Tuesday Blitz"]
[Site "Chess.com"]
[Date "2020.10.06"]
[Round "5"]
[White "Juanovic"]
[Black "Irishchessman16"]
[Result "0-1"]
[WhiteElo "2121"]
[BlackElo "2337"]
[TimeControl "180+1"]
[EndTime "10:55:36 PDT"]
[Termination "Irishchessman16 won by resignation"]

1. e4 c5 2. Nf3 Nc6 3. Nc3 e5 4. Bc4 Be7 5. d3 d6 6. h3 Nf6 7. a3 O-O 8. O-O Nd7 9. Nd5 Nb6 10. Nxe7+ Qxe7 11. Ba2 Be6 12. Bg5 f6 13. Bxe6+ Qxe6 14. Be3 f5 15. exf5 Rxf5 16. Ng5 Qg6 17. Qg4 Raf8 18. Ne4 Qe6 19. Ng3 R5f6 20. Qxe6+ Rxe6 21. Rae1 Rg6 22. Ne4 Nd5 23. c3 Nd8 24. Bc1 Ne6 25. g3 Nef4 26. Bxf4 Nxf4 27. Rd1 Nxh3+ 28. Kh2 Ng5 29.
Nxg5 Rxg5 30. Kg2 Rgf5 31. f3 R8f6 32. Rde1 Rg5 33. c4 Rfg6 34. g4 h5 35. Re4 hxg4 36. fxg4 Rxg4+ 37. Rxg4 Rxg4+ 0-1

[Event "*** SCC Grand Prix: Titled Tuesday Blitz"]
[Site "Chess.com"]
[Date "2020.10.06"]
[Round "5"]
[White "LubovMarkelova"]
[Black "BanjoKazooieN64"]
[Result "0-1"]
[WhiteElo "2230"]
[BlackElo "2481"]
[TimeControl "180+1"]
[EndTime "10:55:39 PDT"]
[Termination "BanjoKazooieN64 won by checkmate"]

1. Nf3 d5 2. d4 Bf5 3. c4 e6 4. Nc3 c6 5. Bf4 Nf6 6. Qb3 Qb6 7. c5 Qxb3 8. axb3 a6 9. b4 Ne4 10. e3 Nxc3 11. bxc3 Nd7 12. b5 Be7 13. bxc6 bxc6 14. Rxa6 O-O 15. Rxc6 Ra1+ 16. Ke2 Ra2+ 17. Ke1 Nf6 18.
Ne5 Rb8 19. Rb6 Rba8 20. Nc6 Ra1+ 21. Ke2 Bg4+ 22. Kd3 Bf8 23. f3 Bf5+ 24. e4 dxe4+ 25. fxe4 Nxe4 26. Kc4 g5 27. Be3 Re1 28. Ne5 Rxe3 29. c6 Rxc3+ 30. Kb5 Rb3+ 31. Kc4 Nd2# 0-1

[Event "*** SCC Grand Prix: Titled Tuesday Blitz"]
[Site "Chess.com"]
[Date "2020.10.06"]
[Round "5"]
[White "GustavoJuarezF"]
[Black "Arfan48"]
[Result "0-1"]
[WhiteElo "2034"]
[BlackElo "2213"]
[TimeControl "180+1"]
[EndTime "10:55:40 PDT"]
[Termination "Arfan48 won on time"]

1. e4 d5 2. exd5 Qxd5 3. Nc3 Qd6 4. d4 g6 5. g3 Bg7 6. Nf3 Nf6 7. Bg2 O-O 8. O-O c6 9. Bf4 Qd8 10. Re1 Nbd7 11.
Qe2 Re8 12. Rad1 Nb6 13. Ne5 Be6 14. b3 Rc8 15. Ne4 Nbd5 16. Bd2 Nxe4 17. Qxe4 Nf6 18. Qe3 Qb6 19. c3 Rcd8 20. Bc1 Qa5 21. Re2 Nd5 22.
Qd2 Qxc3 23. Bb2 Qxd2 24. Rexd2 Nb6 25. h3 Bd5 26. Ba3 Bxg2 27. Kxg2 Nd5 28. Bc5 Bxe5 29. dxe5 b6 30. Bd4 e6 31. Bb2 Rd7 32. a3 Red8 33.
Kf3 Kf8 34. Ke4 Nf6+ 35. Ke3 Rxd2 36. Rxd2 Nd5+ 37. Ke2 Ke7 38. f4 h6 39. b4 c5 0-1

[Event "*** SCC Grand Prix: Titled Tuesday Blitz"]
[Site "Chess.com"]
[Date "2020.10.06"]
[Round "5"]
[White "Ermito2020"]
[Black "bocah_sakit"]
[Result "1/2-1/2"]
[WhiteElo "2666"]
[BlackElo "2824"]
[TimeControl "180+1"]
[EndTime "10:55:41 PDT"]
[Termination "Game drawn by repetition"]

1. e4 c5 2. Nf3 Nc6 3. d4 cxd4 4. Nxd4 g6 5. c4 Bg7 6. Be3 Nf6 7. Nc3 d6 8. Be2 O-O 9. O-O Bd7 10. Qd2 Nxd4 11.
Bxd4 Bc6 12. f3 Nd7 13. Bf2 a5 14. b3 Nc5 15. Rab1 Qb6 16. a3 Qd8 17. b4 axb4 18. axb4 Na4 19. Nxa4 Rxa4 20. Rfd1 Qa8 21. b5 Ra2 22.
Qd3 Bd7 23. c5 Be6 24. cxd6 exd6 25. Bf1 Be5 26. g3 Rc8 27. Rbc1 g5 28. Qe3 h6 29. f4 Rxc1 30. Rxc1 Ra3 31. Qd2 Ra2 32. Qe3 Ra3 33.
Qd2 Ra2 34. Qe3 1/2-1/2

[Event "*** SCC Grand Prix: Titled Tuesday Blitz"]
[Site "Chess.com"]
[Date "2020.10.06"]
[Round "5"]
[White "Th3_Hound"]
[Black "CrazyMartian"]
[Result "1-0"]
[WhiteElo "2488"]
[BlackElo "2275"]
[TimeControl "180+1"]
[EndTime "10:55:41 PDT"]
[Termination "Th3_Hound won by resignation"]

1. e4 c5 2. Nf3 d6 3. d4 cxd4 4. Nxd4 Nf6 5. Nc3 a6 6. Be2 e5 7. Nf3 Be7 8. Bg5 Be6 9. Bxf6 Bxf6 10. Nd5 Nd7 11. O-O Be7 12. Bc4 Nf6 13. Nxf6+ Bxf6 14. Bd5 Qc7 15. c3 O-O 16. Qb3 Bc8 17. Rad1 Rb8 18.
h3 Bd7 19. Rd2 Be7 20. Rfd1 Bc6 21. Nh2 Bg5 22. Rd3 Be7 23. Nf1 Bg5 24. Qc2 Rfd8 25. Rg3 Bh6 26. Qe2 Qe7 27. Qh5 Bxd5 28. Qxh6 1-0

[Event "*** SCC Grand Prix: Titled Tuesday Blitz"]
[Site "Chess.com"]
[Date "2020.10.06"]
[Round "5"]
[White "aloe_normansen"]
[Black "Shivagami"]
[Result "1-0"]
[WhiteElo "2369"]
[BlackElo "2216"]
[TimeControl "180+1"]
[EndTime "10:55:42 PDT"]
[Termination "aloe_normansen won by resignation"]

1. e4 c5 2. Nf3 d6 3. d4 cxd4 4. Nxd4 Nf6 5. Nc3 a6 6. Bg5 e6 7. f4 Qb6 8. Qd2 Qxb2 9. Rb1 Qa3 10. e5 h6 11. Bh4 dxe5 12. fxe5 Nfd7 13. Ne4 Qxa2 14.
Rd1 Qa3 15. Be2 Nc6 16. Nxe6 Be7 17. Nc7+ Kf8 18. Bxe7+ Qxe7 19. Nxa8 Qxe5 20. Qd6+ Qxd6 21. Nxd6 Ke7 22. O-O 1-0

[Event "*** SCC Grand Prix: Titled Tuesday Blitz"]
[Site "Chess.com"]
[Date "2020.10.06"]
[Round "5"]
[White "Joshukid"]
[Black "Semetey"]
[Result "1-0"]
[WhiteElo "2711"]
[BlackElo "2490"]
[TimeControl "180+1"]
[EndTime "10:55:44 PDT"]
[Termination "Joshukid won by resignation"]

1. c4 e5 2. Nc3 Nf6 3. Nf3 Nc6 4.
e4 Bc5 5. Nxe5 Nxe5 6. d4 Bd6 7. c5 Ng6 8. cxd6 cxd6 9. Bd3 O-O 10. O-O b6 11. Qf3 Bb7 12. Bg5 a6 13. Bxf6 Qxf6 14. Qxf6 gxf6 15. Rfc1 b5 16. f3 Rfc8 17. Ne2 d5 18.
exd5 Bxd5 19. Nc3 Bb7 20. Ne4 Bxe4 21. Bxe4 Rab8 22. b4 Rc4 23. Rxc4 bxc4 24. a3 Ne7 25. d5 Rb5 26. Rc1 Nxd5 27. a4 Nf4 28. axb5 Ne2+ 29.
Kf2 Nxc1 30. b6 1-0

[Event "*** SCC Grand Prix: Titled Tuesday Blitz"]
[Site "Chess.com"]
[Date "2020.10.06"]
[Round "5"]
[White "Zq1"]
[Black "ferdipy"]
[Result "1-0"]
[WhiteElo "2526"]
[BlackElo "2374"]
[TimeControl "180+1"]
[EndTime "10:55:45 PDT"]
[Termination "Zq1 won by checkmate"]

1. d4 e5 2. dxe5 d6 3. exd6 Bxd6 4. Nf3 Nc6 5. g3 Bg4 6. Bg2 Qe7 7. c3 O-O-O 8. Qa4 h5 9. Be3 a6 10. b4 Nf6 11. b5 axb5 12. Qa8+ Nb8 13. O-O c6 14. a4 bxa4 15. Rxa4 Nd5 16. Ba7 Qxe2 17. Nd4 Qe7 18.
Na3 Nxc3 19. Rc4 Ne2+ 20. Nxe2 Bxe2 21. Bh3+ Bg4 22. Rxg4 hxg4 23. Bxg4+ Kc7 24. Rb1 Bxa3 25. Bb6+ Kd6 26. Qxa3+ c5 27. Qxc5# 1-0

[Event "*** SCC Grand Prix: Titled Tuesday Blitz"]
[Site "Chess.com"]
[Date "2020.10.06"]
[Round "5"]
[White "Sven_Tica"]
[Black "TimofeevAr"]
[Result "0-1"]
[WhiteElo "2646"]
[BlackElo "2844"]
[TimeControl "180+1"]
[EndTime "10:55:46 PDT"]
[Termination "TimofeevAr won by resignation"]

1. d4 d5 2. c4 dxc4 3. Nf3 Nf6 4. e3 e6 5. Bxc4 c5 6. O-O a6 7. b3 cxd4 8. Nxd4 Bd6 9. Bb2 O-O 10. Nd2 Qe7 11. Qe2 e5 12. N4f3 Bg4 13. h3 Bh5 14. g4 Bg6 15. Nh4 Nc6 16. Nxg6 hxg6 17. g5 Nd7 18. Qg4 Nc5 19. Rad1 e4 20. Bd5 Ne5 21. Qg2 Ncd3 22. Bd4 Rad8 23. Nxe4 Bb8 24. Bxb7 Rxd4 25. Bxa6 Rdd8 26. f4 Nb4 27. Be2 Nec6 28. Bc4 Na5 29. Be2 Ba7 30. Qf3 Nc2 31. Kh2 Nxe3 0-1

[Event "*** SCC Grand Prix: Titled Tuesday Blitz"]
[Site "Chess.com"]
[Date "2020.10.06"]
[Round "5"]
[White "korkmaz16"]
[Black "pedromartinez91"]
[Result "1-0"]
[WhiteElo "2350"]
[BlackElo "2493"]
[TimeControl "180+1"]
[EndTime "10:55:48 PDT"]
[Termination "korkmaz16 won by checkmate"]

1. e4 e6 2. d4 d5 3. e5 c5 4. c3 Qb6 5. Nf3 Bd7 6. Bd3 Bb5 7. dxc5 Bxc5 8. b4 Bxf2+ 9. Ke2 Bxd3+ 10. Qxd3 Nh6 11.
Bxh6 gxh6 12. Rf1 Bc5 13. bxc5 Qxc5 14. Nbd2 Nc6 15. Rab1 O-O-O 16. Nb3 Qe7 17. Nbd4 Na5 18. Nb5 Nc4 19. Nxa7+ Kb8 20. Qd4 Rhg8 21. g3 Qa3 22. Nb5 Qxa2+ 23. Kd3 Rg5 24. Ra1 Nb2+ 25. Ke3 Nc4+ 26.
Kf4 Rf5+ 27. Kg4 Rg8+ 28. Kh4 Qg2 29. Ra8+ Kxa8 30. Qa7# 1-0

[Event "*** SCC Grand Prix: Titled Tuesday Blitz"]
[Site "Chess.com"]
[Date "2020.10.06"]
[Round "5"]
[White "DishonorOnYourCow"]
[Black "OhanyanEminChess"]
[Result "0-1"]
[WhiteElo "2407"]
[BlackElo "2577"]
[TimeControl "180+1"]
[EndTime "10:55:49 PDT"]
[Termination "OhanyanEminChess won by resignation"]

1. d4 Nf6 2. c4 c5 3. d5 b5 4.
cxb5 a6 5. bxa6 g6 6. Nc3 Bg7 7. a7 Rxa7 8. e4 O-O 9. Nf3 d6 10. Be2 Qa5 11. O-O Ba6 12. a4 Nbd7 13. Nd2 Ne5 14. f4 Nd3 15. Nb3 Qb4 16. Bxd3 Bxd3 17. Qxd3 Qxb3 18. Qb5 Rb8 19. Qxb3 Rxb3 20. e5 Nd7 21.
Be3 Rxb2 22. Nb5 Ra6 23. exd6 exd6 24. Rac1 Rxa4 25. Nxd6 Bd4 26. Bxd4 Rxd4 27. Rce1 Rxd5 28. Nc8 Kg7 29. Re7 Rdd2 30. Rfe1 Rxg2+ 31. Kh1 Rxh2+ 32. Kg1 Rbg2+ 33. Kf1 Nf6 34. Nd6 Nh5 35. Rxf7+ Kh6 36. Nf5+ gxf5 37. Re6+ Rg6 38. Rxg6+ hxg6 39. Rc7 Nxf4 0-1

[Event "*** SCC Grand Prix: Titled Tuesday Blitz"]
[Site "Chess.com"]
[Date "2020.10.06"]
[Round "5"]
[White "annamaja"]
[Black "MashaFromRussia"]
[Result "0-1"]
[WhiteElo "2255"]
[BlackElo "2411"]
[TimeControl "180+1"]
[EndTime "10:55:49 PDT"]
[Termination "MashaFromRussia won by checkmate"]

1. e4 c5 2. Nf3 Nc6 3. d4 cxd4 4.
Nxd4 Nf6 5. Nc3 e5 6. Ndb5 d6 7.
Bg5 a6 8. Na3 b5 9. Nd5 Be7 10.
Bxf6 Bxf6 11. c3 O-O 12. Nc2 Bg5 13. h4 Bh6 14. Be2 Be6 15. Nce3 Ne7 16. Nxe7+ Qxe7 17. Nd5 Qb7 18. g4 Bxd5 19. Qxd5 Qxd5 20. exd5 Bf4 21. a4 bxa4 22. Rxa4 a5 23. O-O Rfb8 24. Ra2 g6 25.
Rfa1 Kg7 26. Bc4 h5 27. gxh5 gxh5 28. b3 e4 29. Rxa5 Rxa5 30. Rxa5 Kf6 31. b4 Bd2 32.
Ra3 Ke5 33. Be2 f5 34. b5 f4 35. Bxh5 Rxb5 36. Bf7 Rb1+ 37. Kh2 f3 38. h5 Kf4 39. c4 Kg4 40. h6 Bf4# 0-1

[Event "*** SCC Grand Prix: Titled Tuesday Blitz"]
[Site "Chess.com"]
[Date "2020.10.06"]
[Round "5"]
[White "profofchess"]
[Black "FMJoseHerrera"]
[Result "0-1"]
[WhiteElo "2388"]
[BlackElo "2550"]
[TimeControl "180+1"]
[EndTime "10:55:50 PDT"]
[Termination "FMJoseHerrera won on time"]

1. e4 c5 2. Nf3 e6 3. c3 Qa5 4.
Bd3 a6 5. Bc2 b5 6. O-O Bb7 7.
d4 d6 8. e5 dxe5 9. Nxe5 Nf6 10. dxc5 Qc7 11. Bf4 Qxc5 12. c4 Nc6 13. Re1 Rd8 14.
Nd2 Bd6 15. Nd3 Qa7 16. Bxd6 Rxd6 17. c5 Rd7 18. Nf3 O-O 19. Qe2 Rfd8 20. Rad1 Nd4 21. Nxd4 Rxd4 22. b4 Qa8 23. f3 Nd5 24. Qf2 Nxb4 25. Nxb4 Rxb4 26. Bb3 a5 0-1

[Event "*** SCC Grand Prix: Titled Tuesday Blitz"]
[Site "Chess.com"]
[Date "2020.10.06"]
[Round "5"]
[White "MrChampion_Coach"]
[Black "Alexandercs432"]
[Result "1-0"]
[WhiteElo "2390"]
[BlackElo "2148"]
[TimeControl "180+1"]
[EndTime "10:55:51 PDT"]
[Termination "MrChampion_Coach won by resignation"]

1. d4 d5 2. c4 dxc4 3. e4 e5 4. Nf3 exd4 5. Qxd4 Qxd4 6. Nxd4 Nf6 7. Nc3 Bc5 8. Ndb5 Na6 9. Bf4 c6 10. Nd6+ Ke7 11.
Nxc4 Re8 12. f3 Kf8 13. Nd6 Nb4 14. O-O-O Rd8 15. a3 Na6 16. Bxa6 bxa6 17. Na4 Bb6 18. Nc4 Be6 19. Ncxb6 axb6 20. Nxb6 Rab8 21. Bxb8 Rxb8 22. Na4 Rc8 23. Nc5 Ke7 24. g4 h6 25. h4 g6 26. Rd4 Rb8 27. b4 a5 28. Rhd1 axb4 29. Rxb4 Ra8 30. Rd3 Rd8 31. Rxd8 Kxd8 32. Rb7 Ke8 33.
a4 Bc4 34. a5 Bb5 35. Rxb5 cxb5 36. a6 Nd7 37. Nxd7 Kxd7 38. a7 Kc7 39. a8=Q 1-0

[Event "*** SCC Grand Prix: Titled Tuesday Blitz"]
[Site "Chess.com"]
[Date "2020.10.06"]
[Round "5"]
[White "AlexSuv"]
[Black "serena-maria"]
[Result "1-0"]
[WhiteElo "2498"]
[BlackElo "2278"]
[TimeControl "180+1"]
[EndTime "10:55:54 PDT"]
[Termination "AlexSuv won by resignation"]

1. d4 Nf6 2. c4 g6 3. Nc3 d5 4.
Nf3 Bg7 5. Qb3 dxc4 6. Qxc4 O-O 7. e4 a6 8. Be2 b5 9. Qb3 Bb7 10. e5 Nd5 11. O-O Nxc3 12. Qxc3 Nd7 13. Bf4 Nb6 14. Qd2 Nc4 15. Qc1 Rc8 16. b3 Nb6 17. Rd1 Nd5 18.
Bh6 Nc3 19. Qxc3 Bxh6 20. a4 c6 21. b4 Qd5 22. a5 Rcd8 23. Ne1 c5 24. dxc5 Bd2 25.
Qb2 Rd7 26. Bf3 Qe6 27. Rxd2 Rxd2 28. Qxd2 Bxf3 29. Nxf3 Qc4 30. Rc1 Qe4 31. c6 Rb8 32.
c7 Rc8 33. Qd8+ Rxd8 34. cxd8=Q+ Kg7 1-0

[Event "*** SCC Grand Prix: Titled Tuesday Blitz"]
[Site "Chess.com"]
[Date "2020.10.06"]
[Round "5"]
[White "arminmusovic"]
[Black "Tooweak2slow03"]
[Result "0-1"]
[WhiteElo "2524"]
[BlackElo "2789"]
[TimeControl "180+1"]
[EndTime "10:55:57 PDT"]
[Termination "Tooweak2slow03 won by resignation"]

1. a3 e6 2. Nc3 b6 3. e4 Bb7 4. d4 Nf6 5. Bg5 Be7 6. e5 Ne4 7. Bxe7 Qxe7 8. Nf3 Nxc3 9. bxc3 d6 10. exd6 Qxd6 11. Bb5+ c6 12. Bd3 Nd7 13. O-O O-O-O 14. a4 c5 15. a5 e5 16. axb6 axb6 17. Ba6 e4 18. Nd2 Bxa6 19. Rxa6 Kb7 20. Nxe4 Qc6 21. Qf3 Ne5 22. Qe2 cxd4 23. Rb1 Rhe8 24. Rbxb6+ Qxb6 25. Rxb6+ Kxb6 26. cxd4 Nc6 27. d5 Rxd5 28. f3 Kc7 29. Qe1 Ree5 30. Qg3 Rd1+ 31. Kf2 f5 32. Qxg7+ Rd7 33.
Qh8 fxe4 34. f4 e3+ 35. Ke1 Ree7 36. g3 e2 37. Qa1 Rd1+ 38. Qxd1 exd1=Q+ 39. Kxd1 Nd4 40. c4 Nf3 0-1

[Event "*** SCC Grand Prix: Titled Tuesday Blitz"]
[Site "Chess.com"]
[Date "2020.10.06"]
[Round "5"]
[White "MoreChessJulia"]
[Black "salomez"]
[Result "1-0"]
[WhiteElo "1949"]
[BlackElo "2182"]
[TimeControl "180+1"]
[EndTime "10:55:57 PDT"]
[Termination "MoreChessJulia won by resignation"]

1. d4 Nf6 2. c4 g6 3. f3 d5 4.
cxd5 Nxd5 5. e4 Nb6 6. Nc3 Bg7 7.
Be3 O-O 8. a4 a5 9. Bb5 Na6 10.
Bxa6 Rxa6 11. b3 c5 12. Nge2 c4 13. O-O cxb3 14. Qxb3 Be6 15. d5 Bd7 16. Bd4 Bxd4+ 17. Nxd4 Qc8 18. Rac1 Qc4 19. Qxc4 Nxc4 20. Rfe1 Rc8 21.
Ndb5 Bxb5 22. Nxb5 Raa8 23. e5 Nb6 24. d6 Nxa4 25.
dxe7 Re8 26. Nc7 Nb6 27. Nxa8 Nxa8 28. Red1 Kg7 29. Rd7 b5 30. Rc5 b4 31. Rxa5 Nb6 32. Rc7 b3 33. Rb5 Nc8 34. Rxb3 Nxe7 35. Rbb7 Kf8 36. f4 h5 37. g3 1-0

[Event "*** SCC Grand Prix: Titled Tuesday Blitz"]
[Site "Chess.com"]
[Date "2020.10.06"]
[Round "5"]
[White "Indianlad"]
[Black "mirceaparligras"]
[Result "1-0"]
[WhiteElo "2936"]
[BlackElo "2670"]
[TimeControl "180+1"]
[EndTime "10:56:00 PDT"]
[Termination "Indianlad won by resignation"]

1. Nf3 Nf6 2. c4 c5 3. Nc3 e6 4. d4 cxd4 5. Nxd4 d5 6. cxd5 Nxd5 7. Bd2 Be7 8. g3 Nxc3 9. Bxc3 Qd5 10. Nf3 Qxd1+ 11.
Rxd1 f6 12. Bg2 Nc6 13. O-O e5 14. a3 Be6 15. Nd2 Kf7 16. f4 exf4 17. gxf4 Bc5+ 18. Kh1 Rad8 19. f5 Bc8 20. Nb3 Be3 21. Bd5+ Ke7 22.
Rd3 Bb6 23. e4 Rd6 24. Rg3 Kf8 25. Nd2 Rd8 26. Nc4 Bc5 27. b4 Be7 28. b5 Nb8 29. Rfg1 Rxd5 30. exd5 Bxf5 31. Re1 Nd7 32. Rge3 Bc5 33. Re8+ Kf7 34. Rxh8 1-0

[Event "*** SCC Grand Prix: Titled Tuesday Blitz"]
[Site "Chess.com"]
[Date "2020.10.06"]
[Round "5"]
[White "K_A_S_T_O_R"]
[Black "elohunter1999"]
[Result "1-0"]
[WhiteElo "2742"]
[BlackElo "2577"]
[TimeControl "180+1"]
[EndTime "10:56:00 PDT"]
[Termination "K_A_S_T_O_R won by resignation"]

1. e4 e5 2. Nf3 Nc6 3. Bb5 Nf6 4. d3 Bc5 5. c3 O-O 6. O-O d6 7. h3 Ne7 8. Re1 Ng6 9. Ba4 c6 10. d4 Bb6 11. Nbd2 Re8 12. Bc2 Be6 13. Nf1 h6 14.
Ng3 Nh7 15. Nf5 Ng5 16. Be3 Nf4 17. Nxg5 hxg5 18. g3 Nxh3+ 19. Kg2 Nf4+ 20. gxf4 gxf4 21. Qh5 Bxf5 22. exf5 fxe3 23. Rh1 Kf8 24. fxe3 Qf6 25. Rae1 exd4 26. exd4 g6 27. Qh8+ Qxh8 28. Rxh8+ Kg7 29. Rhxe8 1-0

[Event "*** SCC Grand Prix: Titled Tuesday Blitz"]
[Site "Chess.com"]
[Date "2020.10.06"]
[Round "5"]
[White "sergiochess83"]
[Black "Omk124"]
[Result "0-1"]
[WhiteElo "2763"]
[BlackElo "2477"]
[TimeControl "180+1"]
[EndTime "10:56:00 PDT"]
[Termination "Omk124 won on time"]

1. e4 g6 2. d4 Bg7 3. Nf3 c6 4. Bd3 d6 5. O-O Nf6 6. Re1 O-O 7. h3 Nbd7 8. e5 Ne8 9. Nc3 dxe5 10. dxe5 Nc7 11.
Bf4 Ne6 12. Bg3 Ndc5 13. Bf1 Qb6 14. Qc1 a5 15. a4 Bd7 16. Nd2 Rfd8 17. Nc4 Qc7 18.
Qe3 Be8 19. Rad1 b5 20. axb5 cxb5 21. Nd2 b4 22. Nce4 Na4 23. Nc4 Bb5 24. b3 Rxd1 25.
Rxd1 Bxc4 26. Bxc4 Nb2 27. Bxe6 Nxd1 28. Bxf7+ Kxf7 29. Qf3+ Kg8 30. Nf6+ exf6 31. Qxa8+ Bf8 32. Qd5+ Qf7 33.
Qxd1 fxe5 34. Bxe5 Qe6 35. Bg3 Be7 36. Qd3 Qe1+ 37.
Kh2 Qe6 38. Qb5 Qf5 39. Qxf5 gxf5 40. Bc7 Kf7 41. Kg3 Ke6 42. Kf4 Bc5 43. Bxa5 Bd6+ 44.
Kf3 Kd7 45. c3 Kc6 0-1

[Event "*** SCC Grand Prix: Titled Tuesday Blitz"]
[Site "Chess.com"]
[Date "2020.10.06"]
[Round "5"]
[White "Chessdude1987"]
[Black "mapleaff"]
[Result "1-0"]
[WhiteElo "2241"]
[BlackElo "2356"]
[TimeControl "180+1"]
[EndTime "10:56:04 PDT"]
[Termination "Chessdude1987 won by checkmate"]

1. e4 c5 2. b3 b6 3. Bb2 Bb7 4. Nc3 e6 5. f4 Ne7 6. Qf3 Nbc6 7.
O-O-O Nd4 8. Qf2 g6 9. g4 h5 10. gxh5 Rxh5 11. Nge2 Nxe2+ 12. Bxe2 Rh7 13. d4 cxd4 14. Nb5 d5 15. Bxd4 a6 16. Bxb6 axb5 17. Bxd8 Kxd8 18. Qb6+ Kc8 19. exd5 Nxd5 20. Rxd5 Bxd5 21.
Rd1 Rb8 22. Qa6+ Rb7 23. Bxb5 Bh6 24. Kb1 Bxf4 25. Bc6 Bxc6 26. Qxc6+ Kb8 27. Rd8+ Ka7 28. Qc5+ Rb6 29. Rd7+ Ka6 30. Qc8+ Ka5 31. Ra7+ Kb4 32. c3+ Kb5 33. a4# 1-0

[Event "*** SCC Grand Prix: Titled Tuesday Blitz"]
[Site "Chess.com"]
[Date "2020.10.06"]
[Round "5"]
[White "grzechu96"]
[Black "Sibelephant"]
[Result "0-1"]
[WhiteElo "2683"]
[BlackElo "3092"]
[TimeControl "180+1"]
[EndTime "10:56:05 PDT"]
[Termination "Sibelephant won by resignation"]

1. e4 c6 2. d4 d5 3. exd5 cxd5 4. Bd3 Nc6 5. c3 Qc7 6. Ne2 Bg4 7. O-O e6 8. Qe1 Bd6 9. f3 Bh5 10. Qh4 Bg6 11.
Bxg6 fxg6 12. Bf4 Nf6 13. Nd2 O-O 14. Rae1 e5 15. dxe5 Nxe5 16. Nd4 Rae8 17. Kh1 a6 18. Qh3 Nd3 19. Bxd6 Nf2+ 20. Rxf2 Rxe1+ 21. Nf1 Qxd6 22. Kg1 Nd7 23. Rd2 Ne5 24. Qg3 Rb1 25. Re2 Nc4 26. Qf2 Qd7 27. b3 Nd6 28. Rd2 Ne4 0-1

[Event "*** SCC Grand Prix: Titled Tuesday Blitz"]
[Site "Chess.com"]
[Date "2020.10.06"]
[Round "5"]
[White "Nara_Kh"]
[Black "icychess54"]
[Result "0-1"]
[WhiteElo "2372"]
[BlackElo "2262"]
[TimeControl "180+1"]
[EndTime "10:56:05 PDT"]
[Termination "icychess54 won by resignation"]

1. e4 c5 2. Nf3 d6 3. d4 cxd4 4. Nxd4 Nf6 5. Nc3 Nc6 6. h3 e6 7. g4 Be7 8. Be3 a6 9. Bg2 Qc7 10. O-O O-O 11. Qe2 Nd7 12. Rad1 Rb8 13. Kh1 b5 14.
Nxc6 Qxc6 15. e5 Qc7 16. exd6 Bxd6 17. Ne4 Be7 18. Qd2 Nf6 19. Bf4 e5 20. Bg5 Nxe4 21. Bxe4 Bb7 22. Bxb7 Qxb7+ 23. Kg1 Rfd8 24. Qe3 Bxg5 25.
Qxg5 f6 26. Qf5 Qc6 27. c3 Rd6 28. Rde1 Rbd8 29. Re2 Rd2 30. Rfe1 Rxe2 31. Rxe2 Rd1+ 32. Kh2 Qh1+ 33. Kg3 Rg1+ 34. Kh4 g5+ 0-1

[Event "*** SCC Grand Prix: Titled Tuesday Blitz"]
[Site "Chess.com"]
[Date "2020.10.06"]
[Round "5"]
[White "Oglob71"]
[Black "ClydeHillKid"]
[Result "1-0"]
[WhiteElo "2502"]
[BlackElo "2330"]
[TimeControl "180+1"]
[EndTime "10:56:06 PDT"]
[Termination "Oglob71 won by resignation"]

1. d4 d5 2. Nf3 Nf6 3. e3 e6 4.
Bd3 Bd6 5. Nbd2 O-O 6. O-O Nbd7 7. e4 dxe4 8. Nxe4 Nxe4 9. Bxe4 Nf6 10. Bd3 b6 11. Bg5 Bb7 12. Qe2 Qe7 13. Rfe1 Rfd8 14. c3 Rac8 15. Rad1 c5 16. dxc5 Bxc5 17. Ne5 h6 18.
Bh4 Ba8 19. Ba6 Rxd1 20. Rxd1 Rd8 21. Kf1 g5 22. Bg3 Ne4 23. Bd3 Qb7 24. Nf3 Nxg3+ 25. hxg3 a5 26. Ne1 Rd6 27. Bc2 Qd7 28. Rxd6 Qxd6 29. Qd3 Qxd3+ 30. Nxd3 Bd5 31. Nxc5 bxc5 32. b3 Kf8 33. f3 Ke7 34. Kf2 Kd6 35. Bd3 f5 36. f4 e5 37. Bxf5 exf4 38. gxf4 gxf4 39. g3 Ke5 40. Bc2 fxg3+ 41. Kxg3 Be4 42. Bd1 Bb1 43. a3 Ke4 44. Be2 Bd3 45. Bh5 Bc2 46. Bg6+ Ke3 47. Bxc2 Kd2 48. Bg6 Kxc3 49. Bf7 Kb2 50. a4 Kc3 51. Bc4 Kb4 52. Kh4 Kc3 53. Kh5 1-0